 Dungeon Crawl Stone Soup version 0.20.0-10-g0535bb4 (webtiles) character file.

9 Lochraine the Gusty (level 2, -1/17 HPs)
             Began as a Halfling Air Elementalist on June 7, 2017.
             Slain by a gnoll
             ... wielding a +0 whip
              (7 damage)
             ... on level 1 of the Dungeon.
             The game lasted 00:01:46 (758 turns).

Lochraine the Gusty (Halfling Air Elementalist)      Turns: 758, Time: 00:01:46

Health: -1/17      AC:  2    Str:  9    XL:     2   Next: 25%
Magic:  1/4        EV: 15    Int: 13    God:
Gold:   8          SH:  0    Dex: 14    Spells: 3/4 levels left

rFire    . . .     SeeInvis .   g - +0 dagger
rCold    . . .     Gourm    .   (shield restricted)
rNeg     . . .     Faith    .   a - +0 robe
rPois    .         Spirit   .   (no helmet)
rElec    .         Reflect  .   (no cloak)
rCorr    .         Harm     .   (no gloves)
MR       .....                  (no boots)
Stlth    ++........             (no amulet)
Regen    0.1/turn               (no ring)
MPRegen  0.1/turn               (no ring)

@: very slightly contaminated
A: mutation resistance 1
a: no special abilities


You were on level 1 of the Dungeon.
You were not hungry.

You visited 1 branch of the dungeon, and saw 1 of its levels.

You collected 8 gold pieces.

Inventory:

Hand Weapons
 g - a +0 dagger (weapon)
   (You found it on level 1 of the Dungeon)
Missiles
 h - 27 stones (quivered)
Armour
 a - a +0 robe (worn)
 e - a +0 scale mail
   (You found it on level 1 of the Dungeon)
 i - a +0 pair of gloves
   (You found it on level 1 of the Dungeon)
Scrolls
 j - 2 scrolls of blinking {unknown}
Potions
 f - a potion of might {unknown}
Books
 b - a book of Air
Comestibles
 c - a fruit
 d - a chunk of flesh
 q - a bread ration


   Skills:
 - Level 2.1 Dodging
 - Level 2.1 Stealth
 + Level 1.7 Spellcasting
 + Level 1.2 Conjurations
 + Level 3.1 Air Magic


You had 3 spell levels left.
You knew the following spells:

 Your Spells              Type           Power        Failure   Level  Hunger
a - Shock                 Conj/Air       #...         11%         1    ##.....


Dungeon Overview and Level Annotations

Branches:
Dungeon (1/15)

Altars:


Innate Abilities, Weirdness & Mutations

You are small and have problems with some larger weapons.
You are somewhat resistant to further mutation.


Message History

Aim: a dart slug (severely wounded, clinging)
The zap hits the dart slug.
You kill the dart slug!
You see here a dart slug corpse.
You butcher the dart slug corpse.
d - a chunk of flesh You start resting.
You open the door.
There is an open door here.
As you open the door, it creaks loudly!
There is an open door here.
Found a stone staircase leading down.
There is an open door here.
A frilled lizard comes into view.
Aim: a frilled lizard (hasn't noticed you)
The zap misses the frilled lizard.
The frilled lizard hisses angrily.
Aim: a frilled lizard The zap hits the frilled lizard.
You kill the frilled lizard!
You can't see any susceptible monsters within range! (Use Z to cast anyway.)
You can't see any susceptible monsters within range! (Use Z to cast anyway.)
You start resting.
j - 2 scrolls labeled ZIF XUEBEJISUA (gained 1)
Found a stone staircase leading down.
A gnoll comes into view. It is wielding a whip.
Aim: a gnoll, wielding a whip (resting)
You miscast Shock.
You are very lightly contaminated with residual magic.
Your skin tingles.
The gnoll shouts!
You start waiting.
Your magical contamination has completely faded away.
You start waiting.
Aim: a gnoll, wielding a whip The zap hits the gnoll.
The zap misses the gnoll.
The zap hits the gnoll.
The gnoll hits you with a whip.
You miscast Shock.
You are very lightly contaminated with residual magic.
Nothing appears to happen.
The gnoll hits you with a whip.
The zap hits the gnoll.
The zap misses the gnoll.
The gnoll barely misses you.
The zap hits the gnoll. x2; The gnoll barely misses you.
You closely miss the gnoll. The gnoll closely misses you.
You hit the gnoll but do no damage. The gnoll completely misses you.
You hit the gnoll but do no damage. The gnoll hits you with a whip!
Ouch! That really hurt!
* * * LOW HITPOINT WARNING * * *
The gnoll hits you with a whip!
You die...

#.## #####........# #.#
#.##.....# #.# #.##.....# #+##
#........# ...## #.##.....## #
....## #.#.......# ## .#
.....## #.........# ###.##.#
......####...##.##.####......##
......'.........@.............+
......####...#.g##.####....####
.....## ##..#.###.# #......#
....### ##.#.# #.# #..###.#
......# #.#.###.# #..###.#
#####.# #.......# #.#.##.# #
#.########.##### #..###.# #
#..........# #..###.# #
#.########## #g.....# .


You could see a gnoll.

Vanquished Creatures
  A dart slug (D:1)
  A hobgoblin (D:1)
  2 bats (D:1)
  A frilled lizard (D:1)
  4 rats (D:1)
9 creatures vanquished.

Notes
Turn   | Place    | Note
-------+----------+-------------------------------------------
     0 | D:1      | Lochraine the Halfling Air Elementalist began the quest for the Orb.
     0 | D:1      | Reached XP level 1. HP: 11/11 MP: 3/3
   187 | D:1      | Reached skill level 1 in Conjurations
   363 | D:1      | Reached XP level 2. HP: 9/17 MP: 0/4
   758 | D:1      | Slain by a gnoll

Skill      XL: |  1 |
---------------+----+-----
Conjurations   | 1 |  1.2
Dodging        | |  2.1
Stealth        | |  2.1
Spellcasting   | |  1.7
Air Magic      | |  3.1

Action                   || total
-------------------------++-------
Melee: Unarmed           ||    14
       Dagger            ||     6
 Cast: Shock             ||    19
 Stab: Sleeping          ||     1
Armor: Robe              ||     5
Dodge: Dodged            ||    28
